 Dungeon Crawl Stone Soup version 0.29.1-1-gd02db6906a (webtiles) character file.

Game seed: 8519771709502330724

225 Doomgape the Stinger (level 6, -2/45 HPs)
             Began as a Ghoul Venom Mage on Sept 17, 2022.
             Was an Initiate of Kikubaaqudgha.
             Slain by Crazy Yiuf
             ... wielding a +2 quarterstaff of chaos
              (12 damage)
             ... on level 4 of the Dungeon on Sept 18, 2022.
             The game lasted 00:15:57 (3859 turns).

Doomgape the Stinger (Ghoul Venom Mage)             Turns: 3859, Time: 00:15:57

Health: -2/45      AC:  2    Str: 12    XL:     6   Next: 1%
Magic:  8/17       EV: 12    Int: 12    God:    Kikubaaqudgha [......]
Gold:   236        SH:  0    Dex:  9    Spells: 3/9 levels left

rFire   . . .      SeeInvis .   d - +1 mace (protect)
rCold   + . .      Faith    .   (no shield)
rNeg    + + +      Spirit   .   a - +0 robe
rPois   ∞          Reflect  .   (no helmet)
rElec   .          Harm     .   (no cloak)
rCorr   .          Rampage  .   (no gloves)
Will    +....                   (no boots)
Stlth   ++........              (no amulet)
HPRegen 0.00/turn               g - ring of magical power
MPRegen 0.15/turn               p - ring of willpower

@: very slightly contaminated, inhibited regen
A: claws 1, cold resistance 1, negative energy resistance 3, inhibited
regeneration, torment resistance 2, devour on kill
a: Renounce Religion


You were on level 4 of the Dungeon.
You worshipped Kikubaaqudgha.
Kikubaaqudgha was noncommittal.
You visited 2 branches of the dungeon, and saw 5 of its levels.

You collected 236 gold pieces.

Inventory:

Hand Weapons
 d - a +1 mace of protection (weapon)
Armour
 a - a +0 robe (worn)
Jewellery
 g - a ring of magical power (left claw)
 h - a ring of fire
 p - a ring of willpower (right claw)
Scrolls
 i - 3 scrolls of identify
 r - 2 scrolls of teleportation
Potions
 b - a potion of magic
 e - a potion of might
 j - a potion of cancellation {unknown}
 k - 4 potions of curing
 l - a potion of haste {unknown}
 m - a potion of brilliance {unknown}
 q - a potion of resistance


   Skills:
 - Level 1.8 Dodging
 - Level 2.2 Stealth
 + Level 2.0 Spellcasting
 + Level 0.8 Necromancy
 - Level 3.3 Transmutations
 + Level 4.9 Poison Magic


You had 3 spell levels left.
You knew the following spells:

 Your Spells              Type           Power      Damage    Failure   Level
a - Sting                 Tmut/Pois      44%        1d5       4%          1
b - Poisonous Vapours     Pois/Air       14%        N/A       16%         2
c - Vampiric Draining     Necr           3%         2d6       50%         3

Your spell library contained the following spells:

 Spells                   Type           Power      Damage    Failure   Level
 Slow                     Hex            4%         N/A       26%         1
 Mephitic Cloud           Conj/Pois/Air  5%         N/A       38%         3
 Confusing Touch          Hex            1%         N/A       63%         3
 Olgreb's Toxic Radiance  Pois           13%        N/A       34%         4


Dungeon Overview and Level Annotations

Branches:
Dungeon (4/15)             Temple (1/1) D:4

Altars:
Cheibriados
Dithmenos
Fedhas
Kikubaaqudgha
Makhleb
Nemelex Xobeh
Qazlal
Ru
Sif Muna
Uskayaw
Vehumet
Xom
Yredelemnul

Shops:
D:1 (

Annotations:
D:3 exclusion: oklob plant
D:4 Crazy Yiuf


Innate Abilities, Weirdness & Mutations

You are immune to poison.
You have sharp fingernails.
Your flesh is cold resistant. (rC+)
You are immune to negative energy. (rN+++)
You do not regenerate when monsters are visible.
You are immune to unholy pain and torment.
You thrive by killing the living.


Message History

Poisonous vapours surround Crazy Yiuf!
Crazy Yiuf is poisoned.
Casting: Poisonous Vapours (safe; 16% risk of failure)
Confirm with . or Enter, or press ? or * to list all spells.
Aiming: Poisonous Vapours (safe; 16% risk of failure)
Press: ? - help, Dir - move target, f/p - Crazy Yiuf
Aim: Crazy Yiuf, wielding a +2 quarterstaff of chaos and wearing a +2 cloak (lightly wounded, poisoned)
You miscast Poisonous Vapours.
You are very lightly contaminated with residual magic.
Nothing appears to happen.
Crazy Yiuf hits you with a +2 quarterstaff of chaos!
Crazy Yiuf burns you.
Casting: Poisonous Vapours (safe; 16% risk of failure)
Confirm with . or Enter, or press ? or * to list all spells.
Aiming: Poisonous Vapours (safe; 16% risk of failure)
Press: ? - help, Dir - move target, f/p - Crazy Yiuf
Aim: Crazy Yiuf, wielding a +2 quarterstaff of chaos and wearing a +2 cloak (lightly wounded, poisoned) Poisonous vapours surround Crazy Yiuf!
Crazy Yiuf looks even sicker.
Crazy Yiuf barely misses you.
Unknown command.
Casting: Poisonous Vapours (safe; 16% risk of failure)
Confirm with . or Enter, or press ? or * to list all spells.
Aiming: Poisonous Vapours (safe; 16% risk of failure)
Press: ? - help, Dir - move target, f/p - Crazy Yiuf
Aim: Crazy Yiuf, wielding a +2 quarterstaff of chaos and wearing a +2 cloak (lightly wounded, very poisoned)
You miscast Poisonous Vapours.
Nothing appears to happen.
Crazy Yiuf cries, "Peeping!
Orb stair illywillydillykilly."
Crazy Yiuf barely misses you.
Casting: Poisonous Vapours (safe; 16% risk of failure)
Confirm with . or Enter, or press ? or * to list all spells.
Aiming: Sting (safe; 4% risk of failure)
Press: ? - help, Shift-Dir - straight line, f/p - Crazy Yiuf
Aim: Crazy Yiuf, wielding a +2 quarterstaff of chaos and wearing a +2 cloak (lightly wounded, very poisoned, 75% to hit)
The sting misses Crazy Yiuf.
Crazy Yiuf hits you with a +2 quarterstaff of chaos!
You convulse!
* * * LOW HITPOINT WARNING * * *
Crazy Yiuf attacks as you move away!
Crazy Yiuf hits you with a +2 quarterstaff of chaos!
You die...
Kikubaaqudgha rasps: "You have failed me!
Welcome... oblivion!"

.................#
#.####...###....#
#.# #.#.# #....#
#.####.#.# ♣....♣
####......#.#
♣...♣♣
.......####.#
♣♣.♣♣ ####...# #.#
♣.♣♣ ...)..## #.#
♣♣.♣ ###########.#
♣@♣♣ ######......#
♣♣g♣ ....##......#
#'# ....##.[....#
... ............#
#...#
≈...##......#
#..)#
≈≈..##......#
#####
≈≈..####....#
≈≈..# ###.#


You could see Crazy Yiuf (very poisoned).

Vanquished Creatures
  A jelly (D:4)
  An iguana (D:4)
  Terence (D:2)
  6 adders
  2 worms (D:2)
  3 dart slugs (D:1)
  2 orcs
  6 endoplasms
  2 giant cockroaches (D:1)
  12 goblins
  12 hobgoblins
  3 jackals (D:1)
  A quokka (D:2)
  4 ball pythons
  10 bats
  2 frilled lizards
  2 kobolds
  5 rats
75 creatures vanquished.

Vanquished Creatures (others)
  14 toadstools (D:3)
14 creatures vanquished.

Grand Total: 89 creatures vanquished

Notes
Turn   | Place    | Note
-------+----------+-------------------------------------------
     0 | D:1      | Doomgape the Ghoul Venom Mage began the quest for the Orb.
     0 | D:1      | Reached XP level 1. HP: 14/14 MP: 2/2
    23 | D:1      | Reached skill level 1 in Transmutations
   111 | D:1      | Reached XP level 2. HP: 20/20 MP: 0/3
   256 | D:1      | HP: 1/20 [dart slug (1)]
   621 | D:1      | Reached XP level 3. HP: 23/26 MP: 1/4
   658 | D:1      | Learned a level 2 spell: Poisonous Vapours
   813 | D:1      | Found Olaafeoro's Weapon Boutique.
  1139 | D:2      | Noticed Terence
  1156 | D:2      | Killed Terence
  1157 | D:2      | Reached skill level 4 in Poison Magic
  1157 | D:2      | Reached XP level 4. HP: 32/33 MP: 0/5
  2099 | D:3      | Found a blossoming altar of Fedhas.
  2109 | D:3      | Noticed an oklob plant
  2239 | D:3      | Reached XP level 5. HP: 38/38 MP: 2/6
  3139 | D:4      | HP: 1/38 [acid (10)]
  3289 | D:4      | Found a staircase to the Ecumenical Temple.
  3320 | D:4      | Found an ancient bone altar of Kikubaaqudgha.
  3341 | Temple   | Entered the Ecumenical Temple
  3432 | D:4      | Became a worshipper of Kikubaaqudgha
  3437 | D:4      | Learned a level 3 spell: Vampiric Draining
  3521 | D:4      | Reached XP level 6. HP: 4/45 MP: 1/8
  3848 | D:4      | Found a runed translucent door.
  3849 | D:4      | Noticed Crazy Yiuf
  3859 | D:4      | Slain by Crazy Yiuf

Illustrated notes

Levels and vault maps discovered:
D:1:      minmay_arrival_radiant_lines, layout_rooms, serial_shops,
          nicolae_shop_bloodbath_and_beyond
D:2:      layout_basic, kennysheep_generic_room_10, uniq_terence
D:3:      corexii_shack_village, layout_basic, tgw_fedhas
D:4:      layout_loops_corners, mainiacjoe_overflow_boulevard,
          grunt_temple_overflow_gold_and_silver, temple_pool_b, uniq_ijyb,
          uniq_crazy_yiuf_cottage
Temple:   dshaligram_water_room_temple

Skill      XL: |  1  2  3  4  5 |
---------------+----------------+-----
Transmutations | 1 2 3 |  3.3
Poison Magic   | 4 |  4.9
Spellcasting   | 2 |  2.0
Dodging        | |  1.8
Stealth        | |  2.2
Necromancy     | |  0.8

Action                   |  1- 3 |  4- 6 || total
-------------------------+-------+-------++-------
Melee: Unarmed           |    40 |       ||    40
       Whip              |     8 |       ||     8
       Mace              |       |    32 ||    32
 Cast: Sting             |    34 |    70 ||   104
       Poisonous Vapours |       |    10 ||    10
  Use: Scroll            |     6 |     3 ||     9
       Potion            |       |     4 ||     4
Armor: Robe              |     7 |    16 ||    23
Dodge: Dodged            |    30 |    58 ||    88
